Unix NetHack Version 5.0.0-0 post-release - last build May  4 2026 22:22:43 (774f63e81ad911689b3a0859ea89b322d5daca8d,branch:main).

Game began 2026-05-06 23:43:05, ended 2026-05-07 00:02:23.

Drastanta, lawful male human Samurai

                           #
            ------      ---|----
            |.....######..*.{..|
            |....| ##  #|......|
            |.....      --|--.--
 ------     |....|        #
 |.....#    -.----       ###            ###########
 |....|#     #            #                    ---|-
 |....|#     #        ########                 |...|         ----------
 |..>.|##   ########### #-.------          ####.....###      |.))[))))|
 ------ #   #           #|......|        ###   |.#.|  #######[.[))))))|
        #  -.--------   i|......|    #  #######....|         |.)))))))|
        ###|......*..##e@|......|    ##### #   |...|         |.)))))))|
          #.........|    |.......#########  #  .----         |.%)[)))%|
           |.(..<...|    |......|                            |.)))).))|
           ----------    |......|                            ----------
                         --------

Drastanta the Ronin    St:16 Dx:16 Co:18 In:10 Wi:8 Ch:7  Lawful
Dlvl:6  $:117 HP:0(44) Pw:21(21) AC:4  Xp:5 T:1779  Weak    

Latest messages:
 l - a pick-axe.
 The door opens.
 You are beginning to feel hungry.
 What do you want to eat? [p or ?*] ?
 What do you want to eat? [p or ?*] q
 You cannot eat that!
 What do you want to eat? [p or ?*] p
 This fortune cookie is delicious!
 This cookie has a scrap of paper inside.
 It reads:
 Let your fingers do the walking on the yulkjhnb keys.
 You hit the newt.
 You are beginning to feel hungry.
 You kill the newt!
 You see here a newt corpse.
 There is a newt corpse here; eat it? [ynq] (n) y
 This newt corpse is fatty.
 You finish eating the newt corpse.
 You are beginning to feel hungry.
 You hit the floating eye!
 You are frozen by the floating eye's gaze!
 You hear the splashing of a naiad.
 The gecko is hit by a rock!
 The gecko is killed!
 You are beginning to feel weak.
 The homunculus bites!
 The homunculus bites!
 The homunculus bites!
 The homunculus bites!
 The homunculus bites!
 The homunculus bites!
 The homunculus bites!
 The homunculus bites!
 The homunculus bites!
 The homunculus bites!
 The homunculus bites!
 The homunculus bites!
 The homunculus bites!
 The homunculus bites!
 The homunculus bites!
 The homunculus bites!
 The homunculus bites!
 The homunculus bites!
 The homunculus bites!
 The homunculus bites!
 The homunculus bites!
 The homunculus bites!
 The homunculus bites!
 You die...
 Do you want your possessions identified? [ynq] (y) q

Inventory:
 Coins    ('$')
  $ - 117 gold pieces
 Weapons  (')')
  d - 20 +0 ya (in quiver)
  c - a +0 yumi (alternate weapon; not wielded)
  a - a +0 katana (weapon in right hand)
  b - a +0 wakizashi
 Armor    ('[')
  f - an uncursed +0 orcish helm
  u - an uncursed +1 dwarvish cloak
  e - a blessed rustproof +0 splint mail (being worn)
 Scrolls  ('?')
  h - an uncursed scroll of identify
  r - a cursed scroll of identify
  n - 2 uncursed scrolls of scare monster
  s - an uncursed scroll of taming
 Potions  ('!')
  o - a blessed potion of gain level
  k - 3 uncursed potions of healing
  w - an uncursed potion of polymorph
  i - an uncursed potion of sake
  q - a cursed potion of see invisible
 Rings    ('=')
  v - an uncursed ring of slow digestion
 Wands    ('/')
  t - a wand of lightning (0:4)
 Tools    ('(')
  l - a +0 pick-axe
  j - an uncursed skeleton key
  g - an uncursed tin whistle

Drastanta the Samurai's attributes:

Background:
 You were a Ronin, a level 5 male human Samurai.
 You were lawful, on a mission for Amaterasu Omikami
 who was opposed by Raijin (neutral) and Susanowo (chaotic).
 You were right-handed.
 You were in the Dungeons of Doom, on level 6.
 You entered the dungeon 1779 turns ago.
 It was the midnight hour.
 You had 289 experience points, 31 more were needed to attain level 6.

Basics:
 You had 0 out of 44 hit points.
 You had all 21 energy points (spell power).
 Your armor class was 4.
 Your wallet contained 117 zorkmids.
 Autopickup was off.

Final Characteristics:
 Your strength was 16 (base:17, limit:18/100).
 Your dexterity was 16 (limit:18).
 Your constitution was 18 (limit:18).
 Your intelligence was 10 (limit:18).
 Your wisdom was 8 (limit:18).
 Your charisma was 7 (limit:18).

Final Status:
 You were weak from severe hunger.
 You were unencumbered.
 You were wielding a long sword.
 You had basic skill with long sword.

Final Attributes:
 You were devoutly aligned.
 You were warded.
 You were fast.
 You are dead.

Miscellaneous:
 You didn't encounter any bones levels.
 Total elapsed playing time was 19 minutes and 18 seconds.

Major events:
 Turn
    1: Drastanta the lawful male human Samurai entered the dungeon
  348: entered the Gnomish Mines
  714: attained the rank of Ronin (level 3)
 1488: found Giantslayer in a shop
 1779: killed by a homunculus, while frozen by a floating eye's gaze

You didn't know any spells.

Skills:
 Fighting Skills
   martial arts      [Basic]
   two weapon combat [Unskilled]
   riding            [Unskilled]
 Weapon Skills
   dagger            [Unskilled]
   knife             [Unskilled]
   short sword       [Basic]
   broadsword        [Unskilled]
   long sword        [Basic]
   two-handed sword  [Unskilled]
   saber             [Unskilled]
   flail             [Unskilled]
   quarterstaff      [Unskilled]
   polearms          [Unskilled]
   spear             [Unskilled]
   lance             [Unskilled]
   bow               [Basic]
   shuriken          [Unskilled]
 Spellcasting Skills
   attack spells     [Unskilled]
   divination spells [Unskilled]
   clerical spells   [Unskilled]

Voluntary challenges:
 Character rerolling was not enabled.
 You never genocided any monsters.
 You never polymorphed an object.
 You never changed form.
 You used no wishes.
Achievements:
 You entered the Gnomish Mines.
 You attained the rank of Ronin.
 You entered a shop.

 The Dungeons of Doom: levels 1 to 6
    Level 1:
    Level 2: "Lawful Altar"
       An altar to Amaterasu Omikami.
       Stairs down to The Gnomish Mines.
    Level 3:
       A fountain.
    Level 4:
    Level 5:
    Level 6: <- You were here.
       A weapon shop, a fountain.
       Final resting place for
          you, killed by a homunculus, while frozen by a floating eye's gaze.
 The Gnomish Mines:
    Level 3:


Vanquished creatures:
  a giant mimic
  a large mimic
  a small mimic
  a rock mole
  a little dog
  a dwarf
  2 kobold leaders
  2 rabid rats
  a centipede
  a hobbit
  a hobgoblin
  a brown mold
  4 geckos
  4 jackals
  a fox
  a kobold
  2 goblins
  a sewer rat
  a grid bug
  2 lichens
  6 newts
36 creatures vanquished.

No species were genocided or became extinct.

Game over:
                       ----------
                      /          \
                     /    REST    \
                    /      IN      \
                   /     PEACE      \
                  /                  \
                  |    Drastanta     |
                  |      117 Au      |
                  |   killed by a    |
                  |    homunculus    |
                  |                  |
                  |                  |
                  |       2026       |
                 *|     *  *  *      | *
        _________)/\\_//(\/(/\)/\//\/|_)_______

Sayonara Drastanta the Samurai...

You died in The Dungeons of Doom on dungeon level 6 with 1522 points,
and 117 pieces of gold, after 1779 moves.
You were level 5 with a maximum of 44 hit points when you died.

